 Dungeon Crawl Stone Soup version 0.18.1-8-gdd0e5ea (webtiles) character file.

1145 zeroDi the Covert (level 8, -10/38 HPs)
             Began as a Vine Stalker Assassin on June 1, 2016.
             Was an Initiate of Okawaru.
             Mangled by Menkaure (18 damage)
             ... on level 5 of the Dungeon.
             The game lasted 00:13:30 (4039 turns).

zeroDi the Covert (Vine Stalker Assassin)           Turns: 4039, Time: 00:13:30

Health: -10/38     AC:  5    Str: 14    XL:     8   Next: 37%
Magic:  0/9        EV: 11    Int: 11    God:    Okawaru [......]
Gold:   186        SH:  0    Dex: 18    Spells: 0 memorised, 7 levels left

rFire  . . .     SeeInvis .     a - +2 dagger
rCold  . . .     Gourm    .     c - +0 robe
rNeg   . . .     Faith    .     (no shield)
rPois  .         Spirit   +     h - +0 helmet
rElec  .         Dismiss  .     d - +0 cloak
rCorr  .         Reflect  .     k - +0 pair of gloves
SustAt .         Harm     .     (no boots)
MR     +....                    (no amulet)
Stlth  +++++.....               (no ring)
                                (no ring)

@: somewhat resistant to hostile enchantments, quite stealthy
A: fangs 3, regeneration 2, magic shield, antimagic bite, no device heal 3, rot
immunity
a: Renounce Religion


You were on level 5 of the Dungeon.
You worshipped Okawaru.
Okawaru was noncommittal.
You were not hungry.

You visited 1 branch of the dungeon, and saw 5 of its levels.

You collected 186 gold pieces.


Innate Abilities, Weirdness & Mutations

You have razor-sharp teeth.
You heal very quickly.
When hurt, damage is shared between your health and your magic reserves.
Your bite disrupts and absorbs the magic of your enemies.
Potions and wands cannot restore your health.
You are immune to rotting.


   Skills:
 - Level 1.7 Fighting
 * Level 5.5 Short Blades
 + Level 1.9 Throwing
 - Level 0.7 Dodging
 - Level 11.0 Stealth


You had 7 spell levels left.
You didn't know any spells.

Inventory:

Hand Weapons
 a - a +2 dagger (weapon)
 b - a +0 blowgun
Missiles
 e - 12 poisoned needles
 f - 2 curare-tipped needles {=f}
 s - 73 stones (quivered)
Armour
 c - a +0 robe (worn)
 d - a +0 cloak (worn)
 h - a +0 helmet (worn)
 k - a +0 pair of gloves (worn)
Wands
 t - a wand of polymorph (18/24)
Scrolls
 i - a scroll of magic mapping {unknown}
 j - a scroll of remove curse {unknown}
 o - a scroll of random uselessness {unknown}
 v - 3 scrolls of identify {unknown}
 y - a scroll of teleportation {unknown}
Potions
 l - a potion of might {unknown}
 m - 2 potions of heal wounds {unknown}
 n - 2 potions of curing {@q1}
 p - a potion of cancellation {unknown}
 q - 2 potions of brilliance
 r - a potion of cure mutation {unknown}
 u - a potion of haste {unknown}
 w - 2 potions of degeneration {unknown}
 x - a potion of flight {unknown}
Comestibles
 g - 3 bread rations
 z - a slice of pizza
 A - a meat ration
 C - 3 chunks of flesh

Dungeon Overview and Level Annotations

Branches:
Dungeon (5/15)
 Temple: D:4-7

Altars:
Makhleb
Nemelex Xobeh
Okawaru
Pakellas
Ru
Sif Muna
Trog
Vehumet
Yredelemnul
Zin
The Shining One

Annotations:
D:5 Menkaure

#.####.......#
#............##
######........##
#.......#.##
#.#....###.#
#######.#####.#.##
#..............##
#.......######.####
#...............@.#
#.....####.###.##M#
#...+## # #.# Z#
#...# #.. .# #...#
#.. .# ##..+## ###
#....#
#.....####.###..###
#..#...[........#
...........######


You could see Menkaure and an adder skeleton.


Message History

You hit Menkaure but do no damage.
Menkaure is lightly damaged.
Menkaure hits you!!
You hit Menkaure.
Menkaure is moderately damaged.
Menkaure hits you!
* * * LOW HITPOINT WARNING * * *
Read which item? (? for menu, Esc to quit)
As you read the scroll labeled APORYP LEPTOX, it crumbles to dust.
It is a scroll of recharging.
Charge which item? (? for menu, Esc to quit)
Your wand of polymorph {zapped: 3} glows for a moment.
Evoke which item? (* to show all) (? for menu, Esc to quit)
Zapping:
t - a wand of polymorph {recharged} (will waste charges)
Press: ? - help, Shift-Dir - straight line, f - Menkaure
Aim: Menkaure (moderately damaged, chance to defeat MR: 46%) Menkaure is unaffected.
Evoking this partially-identified wand wasted a few charges.
Menkaure hits you!!
You die...

Action                   |  1- 3 |  4- 6 |  7- 9 || total
-------------------------+-------+-------+-------++-------
Melee: Dagger            |    95 |   138 |   320 ||   553
       Bite              |    18 |    30 |   111 ||   159
 Fire: Blowgun           |       |     7 |     9 ||    16
Throw: Stone             |       |    26 |     5 ||    31
Evoke: Wand              |       |       |     1 ||     1
  Use: Potion            |       |       |     2 ||     2
       Scroll            |       |       |     1 ||     1
 Stab: Sleeping          |     9 |     8 |     7 ||    24
  Eat: Chunk             |       |     4 |     7 ||    11
Armor: Robe              |    57 |    26 |    44 ||   127
       Skin              |       |     2 |       ||     2
Dodge: Dodged            |    59 |    79 |   135 ||   273

Vault maps used:
D:1:      saegor_arrival_simple_d, st_stairs_13
D:2:      nicolae_ru_sacrificial_ziggurat, makhleb_heckhound_becter,
          nicolae_overflow_hidden_temple, uniq_crazy_yiuf_cottage, uniq_natasha
D:3:      uniq_jessica, uniq_sigmund, uniq_terence
D:4:      grunt_temple_overflow_open, kennysheep_little_box, first_bread
D:5:      overflow_temple_1_default, minmay_temple_entry_fiery, basic_altar,
          gup_sewer_entry_bowl, sigmund_army, uniq_menkaure, uniq_duvessa

Notes
Turn   | Place    | Note
--------------------------------------------------------------
     0 | D:1      | zeroDi the Vine Stalker Assassin began the quest for the Orb.
     0 | D:1      | Reached XP level 1. HP: 11/11 MP: 2/2
    72 | D:1      | Reached skill level 2 in Short Blades
   118 | D:1      | Reached XP level 2. HP: 15/15 MP: 3/3
   270 | D:1      | Reached skill level 3 in Short Blades
   472 | D:1      | Reached XP level 3. HP: 14/18 MP: 1/4
   862 | D:2      | Reached XP level 4. HP: 18/23 MP: 5/5
   879 | D:2      | Noticed Natasha
   885 | D:2      | Killed Natasha
   885 | D:2      | Reached skill level 4 in Short Blades
   917 | D:2      | Noticed Natasha
   931 | D:2      | Killed Natasha
  1015 | D:2      | Reached XP level 5. HP: 25/26 MP: 4/6
  1178 | D:2      | Reached skill level 5 in Short Blades
  1323 | D:2      | Noticed Crazy Yiuf
  1344 | D:2      | Killed Crazy Yiuf
  1425 | D:2      | Found a sacrificial altar of Ru.
  1536 | D:2      | Found a burning altar of Makhleb.
  1540 | D:2      | Gained mutation: You heal very quickly. [Vine Stalker growth]
  1540 | D:2      | Reached XP level 6. HP: 30/30 MP: 7/7
  1564 | D:2      | Reached skill level 5 in Stealth
  1584 | D:2      | Found a sparkling altar of Nemelex Xobeh.
  1905 | D:3      | Noticed Sigmund
  1937 | D:3      | Killed Sigmund
  1937 | D:3      | Reached skill level 7 in Stealth
  2075 | D:3      | Reached XP level 7. HP: 34/34 MP: 8/8
  2236 | D:3      | Noticed Terence
  2261 | D:3      | Killed Terence
  2326 | D:3      | Noticed Jessica
  2332 | D:3      | Killed Jessica
  2332 | D:3      | Reached skill level 8 in Stealth
  2878 | D:4      | Found an iron altar of Okawaru.
  2880 | D:4      | Found a glowing golden altar of the Shining One.
  2880 | D:4      | Found an oddly glowing altar of Pakellas.
  2880 | D:4      | Found a bloodstained altar of Trog.
  2881 | D:4      | Found a deep blue altar of Sif Muna.
  2881 | D:4      | Found a radiant altar of Vehumet.
  2889 | D:4      | Became a worshipper of Warmaster Okawaru
  2939 | D:4      | Reached skill level 9 in Stealth
  3204 | D:4      | Noticed Natasha
  3214 | D:4      | Killed Natasha
  3313 | D:4      | Found a glowing silver altar of Zin.
  3475 | D:5      | Entered Level 5 of the Dungeon
  3496 | D:5      | Gained mutation: You have razor-sharp teeth. [Vine Stalker growth]
  3496 | D:5      | Reached XP level 8. HP: 14/38 MP: 9/9
  3575 | D:5      | Noticed Duvessa
  3604 | D:5      | Killed Duvessa
  3604 | D:5      | Reached skill level 10 in Stealth
  3653 | D:5      | Noticed Dowan
  3669 | D:5      | Killed Dowan
  3681 | D:5      | Found a basalt altar of Yredelemnul.
  3807 | D:4      | Reached skill level 11 in Stealth
  4030 | D:5      | Noticed Menkaure
  4039 | D:5      | Mangled by Menkaure

Vanquished Creatures
  Sigmund (D:3)
  Duvessa (D:5)
  A phantom (D:5)
  Dowan (D:5)
  A scorpion (D:5)
  3 orc priests
  2 orc wizards (D:3)
  Crazy Yiuf (D:2)
  A hound (D:2)
  Jessica (D:3)
  Terence (D:3)
  Natasha (thrice) (D:2 D:4)
  2 worker ants (D:4)
  12 gnolls
  9 adders
  A shadow imp (D:5)
  A worm (D:2)
  2 dart slugs (D:3)
  A giant gecko (D:3)
  12 orcs
  6 giant cockroaches
  8 goblins
  14 hobgoblins
  10 jackals
  2 quokkas
  A ball python (D:2)
  14 bats
  A giant gecko skeleton (D:5)
  2 giant newts
  9 kobolds
  5 rats
129 creatures vanquished.
